 Dungeon Crawl Stone Soup version 0.25-a0-804-g50c693f (webtiles) character file.

Game seed: 12935625060154997185, levelgen mode: deterministic

34393 stigmas the Grappler (level 13, -23/119 HPs)
             Began as a Troll Transmuter on Apr 19, 2020.
             Was a High Priest of Makhleb.
             Annihilated by a tentacled starspawn (33 damage)
             ... on level 1 of the Abyss.
             The game lasted 00:47:04 (15475 turns).

stigmas the Grappler (Troll Transmuter)            Turns: 15475, Time: 00:47:05

Health: -23/119    AC: 11    Str: 25    XL:     13   Next: 41%
Magic:  16/23      EV: 12    Int:  9    God:    Makhleb [*****.]
Gold:   765        SH:  2    Dex:  9    Spells: 16/27 levels left

rFire    . . .     SeeInvis .     - Unarmed
rCold    . . .     Gourm    +   (shield currently unavailable)
rNeg     . . .     Faith    .   x - +2 robe of Wome {rElec Regen+ Str+4 Int-4}
rPois    .         Spirit   .   (helmet restricted)
rElec    +         Reflect  +   u - +2 cloak {+Inv}
rCorr    .         Harm     .   (gloves unavailable)
MR       .....     Rnd*Rage +   (boots unavailable) Stlth +.........Rnd*Tele +
                                p - +2 amulet of reflection
HPRegen  1.09/turn              m - ring of wizardry
MPRegen  0.18/turn              K - +3 ring of dexterity

@: blade hands, very slow
A: large, unfitting armour, claws 3, [berserk 2], [blurry vision 2], [clumsy 2],
fast metabolism 3, gourmand, regeneration 1, shaggy fur 1, [teleportitis 2],
tough skin 3, [subdued magic 3]
a: End Transformation, Minor Destruction, Lesser Servant of Makhleb, Major
Destruction, Greater Servant of Makhleb, Renounce Religion, Evoke Invisibility


You were on level 1 of the Abyss.
You worshipped Makhleb.
Makhleb was extremely pleased with you.
You were full.
You had blades for hands.
You visited 3 branches of the dungeon, and saw 16 of its levels.
You visited the Abyss 1 time.
You also visited: Ossuary.

You collected 1066 gold pieces.
You spent 301 gold pieces at shops.

Inventory:

Hand Weapons
 A - a +5 scimitar of flaming
Missiles
 a - 23 arrows
 I - 9 large rocks (quivered)
Armour
 u - a +2 cloak of invisibility (worn)
 w - a scarf of resistance
 x - the +2 robe of Wome (worn) {rElec Regen+ Str+4 Int-4}
   (You found it on level 9 of the Dungeon)

   It affects your strength (+4).
   It affects your intelligence (-4).
   It insulates you from electricity.
   It increases your rate of regeneration.
Jewellery
 m - a ring of wizardry (left scythe-like blade)
 p - a +2 amulet of reflection (around neck)
 K - a +3 ring of dexterity (right scythe-like blade)
 M - an uncursed ring of positive energy
Wands
 b - a wand of digging (4)
 f - a wand of disintegration (7)
 n - a wand of flame (45)
 y - a wand of iceblast (9)
 D - a wand of paralysis (9)
 G - a wand of polymorph (21)
 J - a wand of acid (7)
Scrolls
 c - 3 scrolls of amnesia
 l - 2 scrolls of enchant armour
 C - a scroll of identify
 E - 4 scrolls of magic mapping
 F - a scroll of fog
 H - 2 scrolls of remove curse
Potions
 e - 5 potions of brilliance
 g - 4 potions of cancellation
 h - a potion of lignification
 j - 5 potions of mutation
 o - a potion of magic
 r - 5 potions of might
 s - 3 potions of degeneration
 t - a potion of berserk rage
 z - a potion of stabbing
 B - a potion of flight
Comestibles
 d - 22 rations


   Skills:
 * Level 5.6 Fighting
 - Level 0.4 Long Blades
 + Level 6.6 Dodging
 + Level 13.1 Unarmed Combat
 * Level 7.5 Spellcasting
 * Level 9.2 Transmutations
 * Level 2.4 Earth Magic


You had 16 spell levels left.
You knew the following spells:

 Your Spells              Type           Power        Failure   Level  Hunger
a - Beastly Appendage     Tmut           ##....       2%          1    None
b - Spider Form           Tmut/Pois      #.........   12%         3    ###....
c - Blade Hands           Tmut           ##........   16%         5    ######.
d - Passwall              Tmut/Erth      #.......     6%          2    ##.....

Your spell library contained the following spells:

 Spells                   Type           Power        Failure   Level  Hunger
 Sticks to Snakes         Tmut           ##......     2%          2    ##.....
 Sandblast                Erth           #.....       11%         1    None
 Ignite Poison            Fire/Tmut/Pois #.......     19%         3    ###....
 Petrify                  Tmut/Erth      #.......     21%         4    ####...
 Ensorcelled Hibernation  Hex/Ice        #.....       28%         2    ##.....
 Poisonous Vapours        Pois/Air       #.....       28%         2    ##.....
 Sublimation of Blood     Necr           #.........   28%         2    ##.....
 Ice Form                 Ice/Tmut       #.......     28%         4    ####...
 Stone Arrow              Conj/Erth      #.....       32%         3    ###....
 Conjure Flame            Conj/Fire      #.......     45%         3    ###....
 Mephitic Cloud           Conj/Pois/Air  #.......     45%         3    ###....
 Hydra Form               Tmut           ##........   47%         6    #######
 Alistair's Intoxication  Tmut/Pois      #.......     54%         5    ######.
 Irradiate                Conj/Tmut      #.........   54%         5    ######.
 Yara's Violent Unravell  Hex/Tmut       #.........   54%         5    ######.
 Lee's Rapid Deconstruct  Erth           #.........   77%         5    ######.
 Eringya's Noxious Bog    Tmut/Pois      #.........   95%         6    #######
 Freezing Cloud           Conj/Ice/Air   #.........   100%        6    #######
 Ring of Flames           Chrm/Fire      #.........   100%        7    #######


Dungeon Overview and Level Annotations

Branches:
Dungeon (11/15)            Temple (1/1) D:4            Lair (4/6) D:11
 Shoals (0/4) Lair:3        Snake (0/4) Lair:3      Ossuary (visited)
    Orc: D:9-12

Altars:
Ashenzari
Cheibriados
Elyvilon
Fedhas
Gozag
Hepliaklqana
Kikubaaqudgha
Makhleb
Nemelex Xobeh
Okawaru
Qazlal
Ru
Sif Muna
Uskayaw
Vehumet
Wu Jian
Yredelemnul
Zin
The Shining One

Shops:
D:11 [

Annotations:
D:7 3 runed translucent doors, Shard1697's ghost, novice DgFi
D:8 exclusion: ice statue
Lair:3 2 transporters, adrianfles's ghost, journeyman GnSk
Lair:4 exclusion: 3 oklob plants, Sonja


Innate Abilities, Weirdness & Mutations

You are too large for most types of armour.
You have claws for hands.
Your metabolism is lightning-fast.
You like to eat raw meat.
Your natural rate of healing is unusually fast.
You are covered in fur. (AC +1)
You have extremely tough skin. (AC +3)
[You often lose your temper in combat.]
[Scrolls take you longer to read.]
[You are very clumsy. (Dex -4)]
[You are sometimes teleported next to monsters.]
[Your spells are much easier to cast, but much less powerful.]


Message History

Why would you want to do that?
Unknown command.
You slice the starspawn tentacle!!
You destroy the starspawn tentacle!
Your hands revert to their normal proportions.
The small abomination closely misses you.
Something hits you but does no damage.
Deactivating autopickup; reactivate with Ctrl-A.
Casting: Blade Hands (mildly dangerous; 2% risk of failure)
Confirm with . or Enter, or press ? or * to list all spells.
Your hands turn into razor-sharp scythe blades.
The tentacled starspawn bites you!! The tentacled starspawn engulfs you!
* * * LOW HITPOINT WARNING * * *
Something hits you!!
* * * LOW HITPOINT WARNING * * *
The small abomination closely misses you.
You shred the tentacled starspawn!!!
The tentacled starspawn is almost destroyed.
The tentacled starspawn bites you!!
You die...

. #. #.. #≈≈≈≈≈≈
# ...#.###≈≈≈≈≈.
.. .#...#≈≈≈≈≈.
. #..#.♣≈≈≈≈. ##
###.#≈≈≈≈≈#
..##..# #
#.#≈≈≈≈≈≈.#.# .#
.
###≈≈≈≈≈≈..#..#
#. #
#.#≈≈≈{@X≈..##.
##.# [
#).≈≈≈≈x≈.##.#.
###.
..##≈≈≈≈≈....#.
# #.
#♣≈≈♣##..#...##.
#.. #≈≈≈
####..#.§#. ## #
#≈≈# .#..§. ..#.
#≈. .#. .# ##.
#..# ##. ## .
##.#


You could see a tentacled starspawn and a small abomination.

Vanquished Creatures
  A lich (Abyss:1)
  5 hydras
  A centaur warrior (D:9)
  Erica (D:9)
  A two-headed ogre (D:9)
  3 death yaks (D:11)
  Urug (Lair:3)
  A wretched star (Abyss:1)
  An unseen horror (D:10)
  A deep elf mage (D:10)
  An oklob plant (Lair:2)
  A cyclops (D:11)
  2 black mambas
  7 spiny frogs
  A gargoyle (D:11)
  An orange demon (Abyss:1)
  2 rime drakes
  3 efreet (D:10)
  6 komodo dragons
  A hornet (D:11)
  A polar bear (Lair:3)
  Prince Ribbit (D:8)
  6 hippogriffs
  4 blink frogs
  2 raiju (Abyss:1)
  6 spriggans
  7 yaks
  4 wyverns
  A wraith (D:11)
  A chaos spawn (Abyss:1)
  2 basilisks
  6 nagas (Lair:3)
  Grum (D:9)
  4 vampire mosquitoes
  7 water moccasins
  6 porcupines
  An orc warrior (D:11)
  4 phantoms
  A black bear (D:10)
  An ice beast (D:11)
  A necrophage (D:10)
  An eye of draining (D:11)
  6 ogres
  8 centaurs
  8 wolves
  3 crocodiles
  2 big kobolds
  16 bullfrogs
  A gnoll sergeant (D:8)
  2 scorpions
  A water moccasin skeleton (D:5)
  7 killer bees (D:10)
  A wight (D:10)
  8 electric eels (D:11)
  3 howler monkeys (D:8)
  6 crimson imps
  6 centaur zombies
  3 bullfrog zombies
  7 orc wizards
  A quasit (D:11)
  2 orc priests
  3 bullfrog skeletons
  6 hounds
  3 jellies
  2 iguanas
  A hell rat (D:11)
  6 worker ants
  A killer bee zombie (D:10)
  4 hound zombies (Ossuary)
  17 mummies (Ossuary)
  Robin (D:4)
  2 howler monkey zombies
  5 worker ant zombies
  5 gnolls (D:8)
  A howler monkey skeleton (D:4)
  10 adders
  3 river rats (D:11)
  An ooze (D:6)
  9 adder zombies
  5 worms
  2 dart slugs
  2 leopard geckos (D:5)
  20 orcs
  8 bats
  7 giant cockroaches
  17 goblins
  10 hobgoblins
  8 jackals
  5 quokkas
  4 ball pythons
  9 frilled lizards
  2 goblin zombies (D:8)
  A jackal zombie (D:7)
  15 kobolds
  A leopard gecko skeleton (D:5)
  A leopard gecko zombie (Ossuary)
  A quokka skeleton (D:6)
  3 quokka zombies
  6 rats
  2 fungi
  2 starspawn tentacles (Abyss:1)
  A withered plant (Ossuary)
412 creatures vanquished.

Vanquished Creatures (others)
  An unseen horror (D:11)
  A wyvern zombie (D:10)
  A plant (Lair:4)
3 creatures vanquished.

Grand Total: 415 creatures vanquished

Notes
Turn   | Place    | Note
-------+----------+-------------------------------------------
     0 | D:1      | stigmas the Troll Transmuter began the quest for the Orb.
     0 | D:1      | Reached XP level 1. HP: 18/18 MP: 1/1
    68 | D:1      | Reached XP level 2. HP: 26/26 MP: 3/3
   585 | D:1      | Reached XP level 3. HP: 32/32 MP: 4/4
   878 | D:2      | Reached XP level 4. HP: 36/40 MP: 3/5
  1638 | D:3      | Noticed a bullfrog
  1651 | D:3      | Killed a bullfrog
  1651 | D:3      | Reached skill level 4 in Unarmed Combat
  1651 | D:3      | Reached XP level 5. HP: 27/46 MP: 4/6
  2144 | D:4      | Found a staircase to the Ecumenical Temple.
  2234 | D:4      | Noticed a phantom
  2258 | D:4      | Killed a phantom
  2258 | D:4      | Reached XP level 6. HP: 26/54 MP: 5/8
  2261 | Temple   | Entered the Ecumenical Temple
  2366 | Temple   | Became a worshipper of Makhleb the Destroyer
  2502 | D:4      | Reached skill level 1 in Fighting
  2502 | D:4      | Reached skill level 5 in Unarmed Combat
  2761 | D:4      | Reached XP level 7. HP: 56/62 MP: 7/9
  2797 | D:4      | Noticed Robin
  2825 | D:4      | Killed Robin
  2825 | D:4      | Reached * piety under Makhleb
  3173 | D:5      | Entered Level 5 of the Dungeon
  3267 | D:5      | Reached skill level 6 in Unarmed Combat
  3367 | D:5      | Found a hide-covered altar of Uskayaw.
  3386 | D:5      | Learned a level 3 spell: Spider Form
  3487 | D:5      | Reached XP level 8. HP: 34/72 MP: 9/11
  3818 | D:5      | Reached ** piety under Makhleb
  3942 | D:6      | Reached skill level 7 in Unarmed Combat
  3952 | D:6      | Identified the Collected Works on Mutagenic Execration
  4891 | D:7      | Reached XP level 9. HP: 71/79 MP: 13/13
  4951 | D:7      | Reached skill level 8 in Unarmed Combat
  5196 | D:7      | Found a runed translucent gate.
  5197 | D:7      | Noticed Shard1697's ghost (novice DgFi)
  5198 | D:7      | Found a runed translucent gate.
  5198 | D:7      | Found a runed translucent gate.
  5515 | D:8      | Reached *** piety under Makhleb
  5544 | D:8      | Found a sand-covered staircase.
  5552 | Ossuary  | Entered an ossuary
  5951 | Ossuary  | Reached skill level 9 in Unarmed Combat
  6113 | D:8      | Noticed an ice statue
  6234 | D:8      | Reached **** piety under Makhleb
  6406 | D:8      | Noticed Prince Ribbit
  6417 | D:8      | Reached skill level 5 in Transmutations
  6483 | D:8      | Killed Prince Ribbit
  6606 | D:8      | Reached XP level 10. HP: 88/88 MP: 11/15
  7087 | D:9      | Reached skill level 10 in Unarmed Combat
  7322 | D:9      | Noticed Erica
  7337 | D:9      | Killed Erica
  7419 | D:9      | Noticed a two-headed ogre
  7433 | D:9      | Killed a two-headed ogre
  7460 | D:9      | Paralysed by a kobold for 4 turns
  7475 | D:9      | Paralysed by a kobold for 2 turns
  7759 | D:9      | Got a steaming robe
  7785 | D:9      | Identified the +2 robe of Wome {rElec Regen+ Str+4 Int-4}
                  | (You found it on level 9 of the Dungeon)
  7794 | D:9      | Reached skill level 5 in Spellcasting
  7797 | D:9      | Noticed Grum
  7804 | D:9      | Killed Grum
  8111 | D:9      | Noticed a centaur warrior
  8126 | D:9      | Killed a centaur warrior
  8126 | D:9      | Reached skill level 5 in Dodging
  8215 | D:9      | Found an opulent altar of Gozag.
  8329 | D:10     | Entered Level 10 of the Dungeon
  8340 | D:10     | Learned a level 5 spell: Blade Hands
  8553 | D:10     | Reached skill level 11 in Unarmed Combat
  9069 | D:10     | Reached XP level 11. HP: 97/97 MP: 17/17
  9117 | D:10     | Noticed an orc knight
  9623 | D:10     | Noticed a deep elf mage
  9631 | D:10     | Killed a deep elf mage
  9775 | D:10     | Noticed an eight-headed hydra
  9790 | D:10     | Killed an eight-headed hydra
  9828 | D:10     | Killed an unseen horror
 10155 | D:11     | Killed an unseen horror
 10226 | D:11     | HP: 3/98 [hippogriff (2)]
 10495 | D:11     | Reached ***** piety under Makhleb
 10687 | D:11     | Reached skill level 12 in Unarmed Combat
 11083 | D:11     | Noticed a death yak
 11098 | D:11     | Noticed a death yak
 11101 | D:11     | Found a staircase to the Lair.
 11101 | D:11     | Noticed a death yak
 11108 | D:11     | Killed a death yak
 11115 | D:11     | Killed a death yak
 11115 | D:11     | Reached XP level 12. HP: 93/107 MP: 12/20
 11325 | D:11     | Killed a death yak
 11394 | D:11     | Found Emmeabrof's Armour Emporium.
 11402 | D:11     | Bought a +2 cloak of invisibility for 301 gold pieces
 11599 | Lair:1   | Entered Level 1 of the Lair of Beasts
 11599 | Lair:1   | Found a shattered altar of Ashenzari.
 11600 | Lair:1   | Noticed a six-headed hydra
 11690 | Lair:1   | Killed a one-headed hydra
 12739 | Lair:2   | Found a shimmering blue altar of Sif Muna.
 13417 | Lair:3   | Reached skill level 5 in Fighting
 13426 | Lair:3   | Found a staircase to the Snake Pit.
 13507 | Lair:3   | Found a transporter.
 13511 | Lair:3   | Found a transporter.
 13511 | Lair:3   | Noticed adrianfles's ghost (journeyman GnSk)
 13597 | Lair:3   | Learned a level 2 spell: Passwall
 13818 | Lair:3   | Noticed a four-headed hydra
 13828 | Lair:3   | Killed a one-headed hydra
 13890 | Lair:3   | Reached XP level 13. HP: 118/118 MP: 16/22
 13904 | Lair:3   | Reached skill level 1 in Earth Magic
 13907 | Lair:3   | Noticed Urug
 13913 | Lair:3   | Killed Urug
 14028 | Lair:3   | Found a staircase to the Shoals.
 14923 | Lair:4   | Reached skill level 13 in Unarmed Combat
 14975 | Lair:4   | Noticed Sonja
 14987 | Lair:4   | Cast into level 1 of the Abyss (Sonja)
 15109 | Abyss:1  | Noticed a lich
 15115 | Abyss:1  | Paralysed by a lich for 2 turns
 15125 | Abyss:1  | Killed a lich
 15133 | Abyss:1  | Noticed a starcursed mass
 15465 | Abyss:1  | Noticed a tentacled starspawn
 15475 | Abyss:1  | Annihilated by a tentacled starspawn

Levels and vault maps discovered:
D:1:      dpeg_arrival_tiny_g, layout_loops_ring
D:2:      layout_basic, st_stairs_10
D:3:      layout_loops_ring, first_ration
D:4:      layout_loops_ring, minmay_temple_entry_ruins, uniq_robin
D:5:      layout_rooms, basic_altar
D:6:      layout_gridville
D:7:      layout_cave_pools, ebering_ghost_rock_garden, the_bakery
D:8:      minmay_statue_hallways, layout_basic, enter_ossuary_4,
          minmay_fractal_squares_diagonal_5, uniq_prince_ribbit1
D:9:      layout_gridville, nicolae_gozag_seed_capital, uniq_grum, uniq_erica
D:10:     layout_irregular_city, minmay_the_grid_2x2 [minmay_the_grid_armoury,
          minmay_the_grid_tree, minmay_the_grid_rooms,
          minmay_the_grid_prize_inner_circle]
D:11:     layout_basic, dpeg_lair_monsters, serial_shops, nicolae_shop_crystal,
          chequers_serial_rivers_micro_b
Temple:   minmay_crystal_snake_temple
Lair:1:   layout_long_grid, basic_altar, grunt_megastairs_4
Lair:2:   kb_forest_paths, layout_big_grid, lemuel_oklob_altar,
          infiniplex_staircase_pool
Lair:3:   layout_roguey, elwin_shoals_entry_rooms,
          minmay_snake_entry_guardpost_medium, gammafunk_ghost_hive, uniq_urug
Lair:4:   layout_roguey, infiniplex_staircase_pool_2, minmay_lair_oklob_chamber,
          uniq_sonja
Abyss:1:  base:
D:1

Skill      XL: |  1  2  3  4  5  6  7  8  9 10 11 12 13 |
---------------+----------------------------------------+-----
Dodging        | 2 3 4 5 6 |  6.6
Transmutations | 2 3 4 5 6 7 8 9 |  9.2
Unarmed Combat | 4 5 6 7 9 11 12 13 | 13.1
Spellcasting   | 2 3 4 5 6 7 |  7.5
Fighting       | 1 2 3 4 5 |  5.6
Earth Magic    | 2 |  2.4
Long Blades    | |  0.4

Action                   |  1- 3 |  4- 6 |  7- 9 | 10-12 | 13-15 || total
-------------------------+-------+-------+-------+-------+-------++-------
Melee: Unarmed           |   101 |   116 |   451 |   553 |    79 ||  1300
       Kick              |     5 |     6 |    20 |     5 |       ||    36
       Punch             |     1 |     2 |    20 |    16 |     3 ||    42
       Headbutt          |     1 |     4 |    15 |     2 |       ||    22
       Scimitar          |       |       |       |    11 |    12 ||    23
 Cast: Beastly Appendage |     5 |    16 |    39 |     8 |       ||    68
       Spider Form       |       |       |     3 |    10 |     1 ||    14
       Blade Hands       |       |       |       |    43 |    18 ||    61
       Passwall          |       |       |       |     1 |       ||     1
  Use: Scroll            |       |       |    22 |    12 |     4 ||    38
       Potion            |       |       |       |    12 |     7 ||    19
 Stab: Sleeping          |       |       |     1 |       |       ||     1
  Eat: Chunk             |    14 |    15 |    30 |    57 |    16 ||   132
       Ration            |       |       |       |     9 |     2 ||    11
Armor: Robe              |    26 |    34 |   122 |   118 |    24 ||   324
       Skin              |       |       |       |    56 |       ||    56
Dodge: Dodged            |    55 |    52 |   211 |   395 |    54 ||   767
Block: Other             |       |       |    23 |    45 |     2 ||    70
       Reflection        |       |       |       |     3 |       ||     3
       Rpst.: Scimitar   |       |       |       |       |     3 ||     3

Table legend:
 A = Non-vault XP
 B = Vault XP
 C = Vault XP percentage of total XP
 D = Non-vault monster count
 E = Vault monster count
 F = Vault count percentage of total count
                 A         B        C        D         E       F
            +---------+---------+-------+---------+---------+-------
      Total |   34751 |   14382 |  29.3 |     298 |     110 |  27.0
            +---------+---------+-------+---------+---------+-------
        D:1 |      42 |       0 |   0.0 |      26 |       0 |   0.0
        D:2 |      49 |      20 |  29.0 |      12 |       3 |  20.0
        D:3 |     150 |       0 |   0.0 |      26 |       0 |   0.0
        D:4 |     684 |      38 |   5.3 |      20 |      12 |  37.5
        D:5 |     800 |       0 |   0.0 |      26 |       0 |   0.0
        D:6 |     484 |       0 |   0.0 |      11 |       0 |   0.0
        D:7 |     798 |     215 |  21.2 |      25 |       1 |   3.8
        D:8 |    1532 |     432 |  22.0 |      19 |       6 |  24.0
        D:9 |    2654 |    1346 |  33.7 |      19 |       4 |  17.4
       D:10 |    2281 |    3382 |  59.7 |      24 |      15 |  38.5
       D:11 |    5166 |    2793 |  35.1 |      32 |      10 |  23.8
     Lair:1 |    2569 |     316 |  11.0 |       7 |       2 |  22.2
     Lair:2 |    2326 |    2976 |  56.1 |      13 |      11 |  45.8
     Lair:3 |    5985 |    1799 |  23.1 |      19 |       7 |  26.9
     Lair:4 |    4145 |     255 |   5.8 |      13 |       1 |   7.1
    Abyss:1 |    5086 |       0 |   0.0 |       6 |       0 |   0.0
    Ossuary |       0 |     810 | 100.0 |       0 |      38 | 100.0
            +---------+---------+-------+---------+---------+-------
